AoeStats
← Eidolon

Arabia

507183612Analyzed
1v1 RM · 15d ago on Sep 17, 2026· 44m 38s· 2 players
Game mode
Random Map
Map size
Tiny (2 player)
Population
200
Speed
Normal
Resources
Standard
Victory
Conquest
Starting age
Dark Age
Ending age
Imperial Age
RankedLock teamsTeams togetherTeam positionsShared explorationLock speedFull tech treeHidden civsTurbo modeCheats
Victory
Defeat
🇲🇽 Mongols · Mexico
1314
+13
🇨🇦 Aztecs · Canada
1253
-13
Eidolon
9:34 Feudal Age
10:05 Loom
10:56 Double-Bit Axe
21:15 Castle Age
19:14 Gold Mining
19:41 Scale Mail Armor
21:23 Forging
23:07 Bow Saw
29:15 Squires
28:50 Eagle Warrior
31:52 Horse Collar
36:16 Chain Mail Armor
36:38 Iron Casting
36:50 Arson
41:42 Sanctity
41:48 Redemption
[DM]DanielSnake
5:18 Loom
8:45 Feudal Age
9:22 Double-Bit Axe
15:08 Fletching
18:35 Padded Archer Armor
22:18 Castle Age
21:04 Gold Mining
22:21 Crossbowman
22:59 Bodkin Arrow
26:38 Leather Archer Armor
27:59 Ballistics
28:56 Thumb Ring
33:07 Forging
39:32 Imperial Age
40:58 Bracer
42:26 Chemistry
42:48 Arbalester
45:39 Wheelbarrow
44:53 Town Watch
Connection lost

Rejoining the realm…

Still unreachable

The connection could not be restored.

Session expired

The server has moved on; the page needs a fresh start.